 Dungeon Crawl Stone Soup version 0.22-a0-825-ga28c36f (webtiles) character file.

2548 KristoblXynda the Covert (level 9, 0/73 HPs)
             Began as a Naga Gladiator on July 24, 2018.
             Was a Follower of Yredelemnul.
             Slain by a jelly (2 damage)
             ... on level 6 of the Dungeon.
             The game lasted 00:19:36 (6791 turns).

KristoblXynda the Covert (Naga Gladiator)           Turns: 6791, Time: 00:19:36

Health: 0/73       AC: -6    Str: 24    XL:     9   Next: 56%
Magic:  19/19      EV: 11    Int: 10    God:    Yredelemnul [*.....]
Gold:   436        SH:  0    Dex: 12    Spells: 5/8 levels left

rFire    . . .     SeeInvis +   q - +1 flail (crush)
rCold    . . .     Gourm    .   (no shield)
rNeg     . . .     Faith    .   l - +0 ring mail
rPois    +         Spirit   .   c - +0 helmet
rElec    .         Reflect  .   e - +0 cloak
rCorr    .         Harm     .   (no gloves)
MR       +....                  (no barding)
Stlth    +++.......             (no amulet)
HPRegen  0.22/turn              w - +5 ring of strength
MPRegen  0.16/turn              r - ring of magical power

@: corroded, very slow
A: large, see invisible, deformed body, poison resistance, slowness 2, slow
metabolism 1, spit poison 1, AC +3
a: Spit Poison, Animate Remains, Renounce Religion


You were on level 6 of the Dungeon.
You worshipped Yredelemnul.
Yredelemnul was aware of your devotion.
You were not hungry.

You visited 2 branches of the dungeon, and saw 7 of its levels.

You collected 456 gold pieces.
You spent 20 gold pieces at shops.

Inventory:

Hand Weapons
 q - a +1 flail of crushing (weapon)
Missiles
 d - 3 throwing nets (quivered)
Armour
 b - a cursed +0 shield
 c - a +0 helmet (worn)
 e - a +0 cloak (worn)
 l - a +0 ring mail (worn)
Jewellery
 r - a ring of magical power (right hand)
 w - a +5 ring of strength (left hand)
Wands
 h - a wand of paralysis (13)
 y - a wand of clouds (5)
 z - a wand of digging (17)
 A - a wand of acid (8)
Scrolls
 k - 2 scrolls of teleportation
 m - a scroll of fog
 n - 7 scrolls of remove curse
 s - a scroll of identify
Potions
 j - a potion of mutation
 o - 4 potions of curing
 p - a potion of haste
 t - 2 potions of magic
 v - a potion of brilliance
 x - a potion of might
Comestibles
 f - 11 rations


   Skills:
 - Level 2.0 Fighting
 + Level 7.0 Maces & Flails
 - Level 2.0 Throwing
 + Level 5.0 Armour
 - Level 5.5 Dodging
 + Level 9.5 Stealth
 + Level 1.4 Invocations
 + Level 1.2 Evocations


You had 5 spell levels left.
You knew the following spells:

 Your Spells              Type           Power        Failure   Level  Hunger
a - Confuse               Hex            #.......     86%         3    ####...

Your spell library contained the following spells:

 Spells                   Type           Power        Failure   Level  Hunger
 Tukima's Dance           Hex            #.......     86%         3    ####...
 Ensorcelled Hibernation  Hex/Ice        #.....       65%         2    ###....
 Corona                   Hex            #......      50%         1    ##.....
 Dazzling Spray           Conj/Hex       #.....       86%         3    ####...


Dungeon Overview and Level Annotations

Branches:
Dungeon (6/15)             Temple (1/1) D:5

Altars:
Ashenzari
Dithmenos
Elyvilon
Fedhas
Gozag
Hepliaklqana
Kikubaaqudgha
Makhleb
Nemelex Xobeh
Okawaru
Qazlal
Ru
Sif Muna
Trog
Uskayaw
Vehumet
Wu Jian
Xom
Yredelemnul
Zin
The Shining One

Shops:
D:4 ?


Innate Abilities, Weirdness & Mutations

You cannot wear boots.
Your serpentine skin is tough. (AC +3)
You have supernaturally acute eyesight. (SInv)
Armour fits poorly on your strangely shaped body.
Your system is resistant to poisons. (rPois)
You cover ground very slowly.
You have a slow metabolism.
You can spit poison.


Message History

The acid corrodes you!
You are splashed with acid!
The acid burns!
* * * LOW HITPOINT WARNING * * *
Okay, then.
You feel better.
The ooze jiggles.
The jelly hits you.
* * * LOW HITPOINT WARNING * * *
You are splashed with acid!
The acid burns!
* * * LOW HITPOINT WARNING * * *
Okay, then.
Evoke which item? (* to show all) (? for menu, Esc to quit)
Aiming: Corrosive Bolt
Press: ? - help, Shift-Dir - straight line, f - jelly
Aim: a jelly The bolt of acid hits the jelly.
The jelly completely resists.
The jelly is severely wounded.
The bolt of acid hits the jelly.
The jelly completely resists.
The jelly hits you.
You die...
Your body rises from the dead as a mindless zombie.

..#........#
#..........#
..#........#
.##........#
###........######
# #>............#
#
#############.##
# #..# ## ##@# .#
#J# .#


JJJ ## #...# ..... #.....# #.....# ##...## You could see 2 jellies and 2 oozes.

Vanquished Creatures
  Grinder (D:6)
  A slime creature (D:6)
  Sigmund (D:2)
  Eustachio (D:4)
  Edmund (D:6)
  Menkaure (D:4)
  A water moccasin (D:5)
  An ogre (D:4)
  An orc warrior (D:6)
  A centaur (D:6)
  2 scorpions
  A howler monkey (D:3)
  4 crimson imps
  6 jellies
  A hound (D:6)
  2 orc priests
  Jessica (D:3)
  Ijyb (D:3)
  An iguana (D:4)
  7 orc wizards
  5 worker ants
  A hound zombie (D:6)
  A worker ant zombie (D:5)
  Robin (D:4)
  3 gnolls (D:4)
  5 adders
  12 oozes
  2 adder zombies (D:5)
  An adder skeleton (D:5)
  4 worms
  2 leopard geckos
  21 orcs
  7 giant cockroaches
  19 goblins
  15 hobgoblins
  18 jackals
  3 quokkas
  2 ball pythons
  6 bats
  3 frilled lizards (D:2)
  A giant cockroach zombie (D:6)
  11 kobolds
  A leopard gecko zombie (D:5)
  12 rats
192 creatures vanquished.

Vanquished Creatures (others)
  An orc (D:5)
  7 fungi
  A plant (D:2)
9 creatures vanquished.

Grand Total: 201 creatures vanquished

Notes
Turn   | Place    | Note
-------+----------+-------------------------------------------
     0 | D:1      | KristoblXynda the Naga Gladiator began the quest for the Orb.
     0 | D:1      | Reached XP level 1. HP: 19/19 MP: 1/1
   220 | D:1      | Reached XP level 2. HP: 21/26 MP: 2/2
   406 | D:1      | Reached skill level 1 in Stealth
   530 | D:1      | Reached XP level 3. HP: 27/32 MP: 3/3
   932 | D:2      | Noticed Sigmund
  1510 | D:2      | Reached skill level 2 in Stealth
  1772 | D:2      | Reached skill level 1 in Armour
  2056 | D:2      | Reached XP level 4. HP: 26/39 MP: 4/4
  2415 | D:2      | Found a shadowy altar of Dithmenos.
  2447 | D:2      | Killed Sigmund
  2447 | D:2      | Reached skill level 4 in Stealth
  2447 | D:2      | Reached XP level 5. HP: 45/45 MP: 5/5
  2447 | D:2      | Reached XP level 6. HP: 52/52 MP: 6/6
  2511 | D:2      | Found a faded altar of an unknown god.
  2692 | D:3      | Noticed Jessica
  2696 | D:3      | Killed Jessica
  2880 | D:3      | Noticed Ijyb
  2889 | D:3      | Paralysed by Ijyb for 6 turns
  2902 | D:3      | Killed Ijyb
  3098 | D:3      | Found a blossoming altar of Fedhas.
  3359 | D:4      | Found Vulutzos's Magic Scroll Shop.
  3369 | D:3      | Reached skill level 5 in Stealth
  3403 | D:4      | Noticed Menkaure
  3536 | D:4      | Reached XP level 7. HP: 60/60 MP: 7/7
  3607 | D:4      | Noticed Eustachio
  3622 | D:4      | Killed Eustachio
  3622 | D:4      | Reached skill level 5 in Maces & Flails
  3624 | D:4      | Found a bloodstained altar of Trog.
  3672 | D:4      | Bought a scroll of identify for 20 gold pieces
  3681 | D:4      | Reached skill level 6 in Stealth
  4003 | D:4      | Reached XP level 8. HP: 66/67 MP: 8/8
  4121 | D:4      | Killed Menkaure
  4393 | D:4      | Noticed Robin
  4393 | D:4      | Paralysed by Robin for 7 turns
  4405 | D:4      | Killed Robin
  4405 | D:4      | Reached skill level 7 in Stealth
  4568 | D:5      | Entered Level 5 of the Dungeon
  4584 | D:5      | Found a staircase to the Ecumenical Temple.
  4632 | Temple   | Entered the Ecumenical Temple
  5138 | D:5      | Learned a level 3 spell: Confuse
  5247 | D:5      | Reached skill level 5 in Dodging
  5267 | D:5      | Found a basalt altar of Yredelemnul.
  5269 | D:5      | Found an ancient bone altar of Kikubaaqudgha.
  5814 | D:5      | Found a deep blue altar of Sif Muna.
  5844 | D:5      | Found a hazy altar of Hepliaklqana.
  5899 | D:5      | Reached skill level 8 in Stealth
  5929 | D:5      | Became a worshipper of Yredelemnul the Dark
  5961 | D:6      | Noticed Edmund
  5984 | D:6      | Killed Edmund
  5984 | D:6      | Reached XP level 9. HP: 54/73 MP: 9/9
  6213 | D:6      | Noticed Grinder
  6222 | D:6      | Killed Grinder
  6222 | D:6      | Reached skill level 9 in Stealth
  6333 | D:6      | Found a burning altar of Makhleb.
  6378 | D:6      | HP: 1/73 [orc warrior/halberd (11)]
  6758 | D:6      | Reached skill level 1 in Invocations
  6776 | D:6      | Reached * piety under Yredelemnul
  6776 | D:6      | Reached skill level 1 in Evocations
  6778 | D:6      | Reached skill level 5 in Armour
  6790 | D:6      | HP: 2/73 [acid (6)]
  6791 | D:6      | Slain by a jelly

Vault maps used:
D:1:      dpeg_arrival_rooms_c, minmay_pentomino_r2
D:2:      chequers_ecumenical_altar_lobes, grunt_dithmenos_smoke_and_mirrors,
          uniq_sigmund
D:3:      fedhas_altar_3, st_stairs_14, uniq_jessica, uniq_ijyb
D:4:      kennysheep_goblin_castle, old_standard_altar, serial_shops,
          nicolae_shop_statue_plus, uniq_menkaure, uniq_eustachio
D:5:      nicolae_overflow_hidden_temple, minmay_temple_entry_trees,
          first_ration, lemuel_blue_sif_altar
D:6:      lemuel_slime, kennysheep_minor_cross, bloody_makhleb, uniq_edmund,
          uniq_grinder, uniq_duvessa
Temple:   regret_index_temple_sphere_string

Skill      XL: |  1  2  3  4  5  6  7  8  9 |
---------------+----------------------------+-----
Throwing       | 2 |  2.0
Stealth        | 1 2 4 5 6 8 9 |  9.5
Armour         | 1 2 3 4 5 |  5.0
Dodging        | 3 4 5 |  5.5
Maces & Flails | 4 5 6 7 |  7.0
Invocations    | 1 |  1.4
Evocations     | 1 |  1.2
Fighting       | |  2.0

Action                   |  1- 3 |  4- 6 |  7- 9 || total
-------------------------+-------+-------+-------++-------
Melee: Flail             |   135 |   173 |   330 ||   638
 Abil: Spit Poison       |     9 |    12 |    28 ||    49
Evoke: Wand              |       |       |     9 ||     9
  Use: Scroll            |     4 |     5 |    11 ||    20
       Potion            |     1 |     2 |     4 ||     7
 Stab: Sleeping          |       |     1 |     4 ||     5
       Paralysed         |       |       |     5 ||     5
  Eat: Chunk             |     3 |     5 |     6 ||    14
       Ration            |       |       |     2 ||     2
Armor: Leather armour    |     9 |       |       ||     9
       Ring mail         |    81 |    88 |   202 ||   371
Dodge: Dodged            |   106 |   127 |   251 ||   484

Table legend:
 A = Spawn XP
 B = Non-spawn XP
 C = Spawn XP percentage of total XP
 D = Spawn monster count
 E = Non-spawn monster count
 F = Spawn count percentage of total count
 G = Total turns spent on level
                    A         B        C        D         E        F      G
               +---------+---------+-------+---------+---------+-------+---------
         Total |       0 |    3641 |   0.0 |       0 |     193 |   0.0 |  6791
               +---------+---------+-------+---------+---------+-------+---------
           D:1 |       0 |      48 |   0.0 |       0 |      25 |   0.0 |  1181
           D:2 |       0 |     279 |   0.0 |       0 |      31 |   0.0 |  1366
           D:3 |       0 |     291 |   0.0 |       0 |      35 |   0.0 |  1102
           D:4 |       0 |     874 |   0.0 |       0 |      44 |   0.0 |   919
           D:5 |       0 |     653 |   0.0 |       0 |      25 |   0.0 |  1051
           D:6 |       0 |    1494 |   0.0 |       0 |      32 |   0.0 |   877
        Temple |       0 |       2 |   0.0 |       0 |       1 |   0.0 |   295
               +---------+---------+-------+---------+---------+-------+---------
